Unix NetHack Version 5.0.0-0 post-release - last build Jul 14 2026 02:55:29 (1809b74e8187c3a3585e283601c3028b46cbbdcb,branch:main).

Game began 2026-07-15 17:44:42, ended 2026-07-15 20:59:07.

Anarchos, lawful female dwarven Valkyrie

              -------------
              |.........).|        --------             -------    ---------
              |...........|       #.......|         ####......|    |.......|
             #.............########|......|      ####   |.....|   #..)...(.|
     #       #|...........|       #*...^..|      #      |.....|   #|.......|
   --|--     #----------|--       #.......|#############.......####|..\.>..|
   |...|   ###          #        ##-..-----##  ###  #   |.....|    ---------
   |(..|   #            #        #  ###  ###  ###  # #  -+---|-
   |...-####            #        #   #  *##   #          #   #
   -----                #        #   #  ##    #          #   #
                        #      ###   ##      ##         *`   G
                        #     ##    --.----- #               #
                        #     #     |<.....| #          -+---.----
                        ##### #     |.....(.###     ####+)..G.._G|
                            # #     |......|            |..oh....|
                        ----|-#     --------            |.[%@....|
                        |.....#                         ----------
                        |.(..|
                        ------

Anarchos the Skirmisher     St:15 Dx:14 Co:17 In:11 Wi:8 Ch:10  Lawful
Dlvl:5  $:412 HP:0(45) Pw:6(6) AC:3  Xp:4 T:2241 

Latest messages:
 You miss the giant bat.
 The giant bat bites!
 The bugbear thrusts his orcish dagger.
 The bugbear hits!
 The giant bat misses!
 Are you sure you want to pray? [yn] (n) y
 You begin praying to Tyr.
 You are surrounded by a shimmering light.
 The giant bat starts to attack you, but pulls back.
 The giant bat starts to attack you, but pulls back.
 The giant bat starts to attack you, but pulls back.
 The bugbear starts to attack you, but pulls back.
 The giant bat starts to attack you, but pulls back.
 The giant bat starts to attack you, but pulls back.
 The hobgoblin starts to attack you, but pulls back.
 The bugbear starts to attack you, but pulls back.
 The giant bat starts to attack you, but pulls back.
 You finish your prayer.
 You feel that Tyr is well-pleased.
 You feel much better.
 You hit the giant bat.
 The giant bat misses!
 The hobgoblin swings his scimitar.
 The hobgoblin hits!
 The giant bat bites!
 What do you want to wield? [- abhmtx or ?*] a
 You are already wielding that!
 You kill the giant bat!
 The hobgoblin swings his scimitar.
 The hobgoblin hits!
 The bugbear thrusts his orcish dagger.
 The bugbear hits!
 L - a giant bat corpse.
 The hobgoblin swings his scimitar.
 The hobgoblin misses!
 The bugbear thrusts his orcish dagger.
 The bugbear hits!
 You are not on an altar.
 You hit the bugbear.
 The gnome throws a dart!
 The dart hits the bugbear.
 The bugbear thrusts his orcish dagger.
 The bugbear hits!
 You miss the bugbear.
 The hobgoblin swings his scimitar.
 The hobgoblin hits!
 You die...
 Do you want your possessions identified? [ynq] (y) y
 Do you want to see your attributes? [ynq] (y) y
 Do you want an account of creatures vanquished? [ynaq] (y) q

Inventory:
 Coins    ('$')
  $ - 412 gold pieces
 Weapons  (')')
  t - 47 +0 arrows
  m - 7 +0 crossbow bolts
  x - 5 blessed +1 darts (at the ready)
  b - a +0 dagger
  a - a +1 dwarvish spear (weapon in right hand)
  h - a +0 flail
 Armor    ('[')
  J - an uncursed +0 orcish helm
  o - a blessed +1 pair of kicking boots (being worn)
  c - an uncursed burnt +3 small shield (being worn)
  k - an uncursed +0 leather armor (being worn)
 Comestibles  ('%')
  l - an uncursed cram ration
  z - 2 uncursed pancakes
  r - 2 uncursed pears
  L - an uncursed giant bat corpse
 Scrolls  ('?')
  y - an uncursed scroll of identify
 Spellbooks  ('+')
  e - an uncursed spellbook of fireball
  i - an uncursed spellbook of knock
 Potions  ('!')
  H - an uncursed potion of gain energy
  E - 2 cursed potions of healing
  g - 2 uncursed potions of invisibility
  n - an uncursed potion of see invisible
  D - an uncursed potion of speed
  j - an uncursed potion of water
 Rings    ('=')
  F - a cursed ring of polymorph
 Wands    ('/')
  p - a wand of digging (0:7)

Anarchos the Valkyrie's attributes:

Background:
 You were a Skirmisher, a level 4 dwarven Valkyrie.
 You were lawful, on a mission for Tyr
 who was opposed by Odin (neutral) and Loki (chaotic).
 You were right-handed.
 You were in the Dungeons of Doom, on level 5.
 You entered the dungeon 2241 turns ago.
 There was a new moon in effect when your adventure ended.
 You had 95 experience points, 65 more were needed to attain level 5.

Basics:
 You had 0 out of 45 hit points.
 You had all 6 energy points (spell power).
 Your armor class was 3.
 Your wallet contained 412 zorkmids.
 Autopickup was on for all types.

Final Characteristics:
 Your strength was 15 (limit:18/100).
 Your dexterity was 14 (limit:20).
 Your constitution was 17 (limit:20).
 Your intelligence was 11 (limit:16).
 Your wisdom was 8 (limit:16).
 Your charisma was 10 (limit:16).

Final Status:
 You weren't hungry.
 You were unencumbered.
 You were wielding a spear.
 You had basic skill with spear.

Final Attributes:
 You were piously aligned.
 You were cold resistant.
 You were telepathic.
 You had infravision.
 You were stealthy.
 You were warded.
 You are dead.

Miscellaneous:
 You didn't encounter any bones levels.
 Total elapsed playing time was 49 minutes and 47 seconds.

Major events:
 Turn
    1: Anarchos the lawful dwarven Valkyrie entered the dungeon
 1566: attained the rank of Skirmisher (level 3)
 2241: killed by a hobgoblin

Spells:
 Name                 Level Category     Fail Retention
 knock                  1   matter        78%  76%-100%
 fireball               4   attack       100%  76%-100%

Skills:
 Fighting Skills
   bare handed combat [Unskilled]
   two weapon combat  [Unskilled]
   riding             [Unskilled]
 Weapon Skills
   dagger             [Basic]
   axe                [Unskilled]
   pick-axe           [Unskilled]
   short sword        [Unskilled]
   broadsword         [Unskilled]
   long sword         [Unskilled]
   two-handed sword   [Unskilled]
   saber              [Unskilled]
   hammer             [Unskilled]
   quarterstaff       [Unskilled]
   polearms           [Unskilled]
   spear              [Basic]
   trident            [Unskilled]
   lance              [Unskilled]
   sling              [Unskilled]
 Spellcasting Skills
   attack spells      [Unskilled]
   escape spells      [Unskilled]

Voluntary challenges:
 Character rerolling was not enabled.
 You never genocided any monsters.
 You never polymorphed an object.
 You never changed form.
 You used no wishes.
Achievement:
 You attained the rank of Skirmisher.

 The Dungeons of Doom: levels 1 to 5
    Level 1:
       A sink.
    Level 2:
       Some fountains.
    Level 3:
       A sink.
    Level 4:
    Level 5: <- You were here.
       Many altars, a throne.
       Final resting place for
          you, killed by a hobgoblin.


Vanquished creatures:
  a rock mole
  a shrieker
  2 floating eyes
  a hill orc
  a giant bat
  2 dwarf zombies
 an iguana
 an acid blob
  a coyote
  a hobgoblin
  2 giant rats
  a yellow mold
  a red mold
  2 geckos
  3 foxes
  a kobold
  a goblin
  7 grid bugs
  a lichen
  2 newts
33 creatures vanquished.

No species were genocided or became extinct.

Game over:
                       ----------
                      /          \
                     /    REST    \
                    /      IN      \
                   /     PEACE      \
                  /                  \
                  |     Anarchos     |
                  |      412 Au      |
                  |   killed by a    |
                  |    hobgoblin     |
                  |                  |
                  |                  |
                  |       2026       |
                 *|     *  *  *      | *
        _________)/\\_//(\/(/\)/\//\/|_)_______

Farvel Anarchos the Valkyrie...

You died in The Dungeons of Doom on dungeon level 5 with 971 points,
and 412 pieces of gold, after 2241 moves.
You were level 4 with a maximum of 45 hit points when you died.

